 Dungeon Crawl Stone Soup version 0.31-a0-924-ge39a22a033 (webtiles) character file.

Game seed: 5856054286631337158

1123 Gargoyl the Covered (level 8, -1/49 HPs)
             Began as a Gargoyle Berserker on Oct 18, 2023.
             Was a Priest of Trog.
             Engulfed by a cloud of steam (20 damage)
             ... on level 5 of the Dungeon.
             The game lasted 00:06:17 (4594 turns).

Gargoyl the Covered (Gargoyle Berserker)            Turns: 4594, Time: 00:06:17

Health: -1/49      AC: 20    Str: 22    XL:     8   Next: 35%
Magic:  8/8        EV: 14    Int:  7    God:    Trog [***...]
Gold:   333        SH:  0    Dex: 11    Spells: 7/7 levels left

rFire   . . .        a - +1 hand axe
rCold   . . .        (no shield)
rNeg    + . .        c - +0 chain mail
rPois   ∞            n - +0 helmet {SInv}
rElec   +            i - +1 cloak
rCorr   .            f - +0 pair of gloves
SInv    +            (no boots)
Will    ++...        (no amulet) Stlth
                     k - +5 ring of evasion
HPRegen 1.28/turn    (no ring)
MPRegen 0.11/turn

%: no passive effects
@: strong-willed, on berserk cooldown, regenerating, slowed, very slow
A: sickness immunity, AC +5, negative energy resistance 1, electricity
resistance, torment resistance 1, petrification resistance
a: Renounce Religion, Berserk, Trog's Hand


You were on level 5 of the Dungeon.
You worshipped Trog.
Trog was most pleased with you.
You visited 1 branch of the dungeon, and saw 5 of its levels.
You also visited: Ossuary.

You collected 693 gold pieces.
You spent 360 gold pieces at shops.

Inventory:

Hand Weapons
 a - a +1 hand axe (weapon)
Armour
 c - a +0 chain mail (worn)
 f - a +0 pair of gloves (worn)
 i - a +1 cloak (worn)
 n - a +0 helmet of see invisible (worn)
Jewellery
 k - a +5 ring of evasion (left hand)
Wands
 q - a wand of flame (19)
Scrolls
 d - a scroll of teleportation
 r - a scroll of acquirement {unknown}
 t - 3 scrolls of amnesia {unknown}
 w - a scroll of fear {unknown}
 x - a scroll of enchant armour
Potions
 b - a potion of berserk rage
 e - a potion of cancellation
 g - 4 potions of ambrosia
 h - 6 potions of heal wounds {unknown}
 j - 2 potions of might {unknown}
 l - 4 potions of curing {unknown}
 m - a potion of brilliance {unknown}
 o - 2 potions of invisibility {unknown}
 p - a potion of magic {unknown}
 s - a potion of lignification {unknown}
 u - a potion of mutation {unknown}
 v - a potion of enlightenment {unknown}


   Skills:
 + Level 5.0 Fighting
 + Level 6.0 Axes
 * Level 6.5 Armour
 * Level 3.3 Dodging
 + Level 0.1 Stealth


You had 7 spell levels left.
You didn't know any spells.
Your spell library was empty.

Dungeon Overview and Level Annotations

Branches:
Dungeon (5/15)            Ossuary (visited)
 Temple: D:4-7

Altars:
Dithmenos
Nemelex Xobeh
Lugonu

Shops:
D:4 [

Portals:
Abyss: D:4


Innate Abilities, Weirdness & Mutations

You are immune to sickness and miasma.
Your stone body is resilient. (AC +5)
You are immune to poison.
You resist negative energy. (rN+)
You are resistant to electric shocks. (rElec)
You are resistant to unholy torment.
You are immune to petrification.


Message History

You hit the steam dragon but do no damage.
The steam dragon is almost dead.
The steam dragon bites you but does no damage.
The steam dragon claws you but does no damage.
You closely miss the steam dragon.
The steam dragon is almost dead.
The steam dragon breathes steam at you. The ball of steam misses you.
The steam dragon bites you but does no damage.
The steam dragon claws you but does no damage.
Unknown command.
You closely miss the steam dragon.
The steam dragon is almost dead.
You are engulfed in a cloud of scalding steam.
The steam dragon bites you.
The steam dragon claws you but does no damage.
Unknown command.
You closely miss the steam dragon.
The steam dragon is almost dead.
The steam dragon barely misses you.
The steam dragon claws you but does no damage.
The steam dragon barely misses you.
The steam dragon claws you but does no damage.
Unknown command.
You hit the steam dragon but do no damage.
The steam dragon is almost dead.
The steam dragon misses you.
The steam dragon claws you but does no damage.
Unknown command.
You closely miss the steam dragon.
The steam dragon is almost dead.
The steam dragon breathes steam at you. The ball of steam hits you!
The steam dragon closely misses you.
The steam dragon claws you but does no damage.
Unknown command.
You slash the steam dragon!
You kill the steam dragon!
Trog accepts your kill.
You are engulfed in a cloud of scalding steam.
You die...

..#....#....#....##...>.#
..#....#....#....##.....#
..#.:..#....+.....+.....#
..##...#....###+###.....#
..##...#....#..=.##.....#
.......#....#...........#
#'#....# +..§§##.....#
#.#....# #..§§##.....#
#####..# #..§@##.....#
..# +..# #..$........#
..###..+ #....#####+##
..#.'..# #....# #.###..#
#..... #.#....# #.....
#'#....# #.$..# .......#
#+#### .......#


There were no monsters in sight!

Vanquished Creatures
  The ghost of Vontreibholz the Covered, an amateur MiFi (D:4)
  Menkaure (D:4)
  A steam dragon (D:5)
  A water moccasin (D:4)
  A black bear (D:5)
  An ogre (D:5)
  A scorpion (D:5)
  A hound (D:5)
  A jelly (D:4)
  2 iguanas
  Jessica (D:2)
  Terence (D:3)
  A scorpion simulacrum (D:4)
  A hound zombie (D:5)
  8 mummies (Ossuary)
  Robin (D:4)
  4 gnolls (D:3)
  2 adders (D:2)
  2 hound simulacra (D:4)
  A white imp (D:4)
  2 ufetubi (D:5)
  An adder skeleton (D:5)
  3 worms
  3 dart slugs
  7 orcs
  9 endoplasms
  5 giant cockroaches
  12 goblins (D:4)
  10 hobgoblins
  12 kobolds
  6 quokkas (D:1)
  7 ball pythons
  2 bats (D:1)
  3 gnoll zombies (Ossuary)
  3 hobgoblin zombies (Ossuary)
  A kobold zombie (Ossuary)
  An orc zombie (Ossuary)
  A rat (D:1)
121 creatures vanquished.

Vanquished Creatures (others)
  A bat (D:1)
1 creature vanquished.

Grand Total: 122 creatures vanquished

Notes
Turn   | Place    | Note
-------+----------+-------------------------------------------
     0 | D:1      | Gargoyl the Gargoyle Berserker began the quest for the Orb.
     0 | D:1      | Reached XP level 1. HP: 14/14 MP: 1/1
   307 | D:1      | Reached XP level 2. HP: 19/19 MP: 2/2
   729 | D:1      | Reached XP level 3. HP: 24/24 MP: 3/3
   969 | D:2      | Identified the of Duinuj
  1070 | D:2      | Noticed Jessica
  1084 | D:2      | Killed Jessica
  1085 | D:2      | Reached XP level 4. HP: 29/29 MP: 4/4
  1477 | D:2      | Reached ** piety under Trog
  1828 | D:3      | Found a sparkling altar of Nemelex Xobeh.
  1973 | D:3      | Noticed Terence
  1997 | D:3      | Killed Terence
  1998 | D:3      | Reached XP level 5. HP: 21/33 MP: 5/5
  2406 | D:4      | Found a runed translucent gate.
  2406 | D:4      | Found a runed translucent gate.
  2406 | D:4      | Found a runed translucent gate.
  2410 | D:4      | Found a large runed translucent door.
  2411 | D:4      | Found a large runed translucent door.
  2487 | D:4      | Found a one-way gate to the infinite horrors of the Abyss.
  2512 | D:4      | Reached XP level 6. HP: 33/38 MP: 6/6
  2599 | D:4      | Noticed a water moccasin
  2610 | D:4      | Killed a water moccasin
  2620 | D:4      | Noticed Robin
  2632 | D:4      | Killed Robin
  2676 | D:4      | Found a shadowy altar of Dithmenos.
  2735 | D:4      | Noticed Vontreibholz's ghost (amateur MiFi)
  3003 | D:4      | Found a corrupted altar of Lugonu.
  3004 | D:4      | Noticed Menkaure
  3069 | D:4      | Found Jougalue's Antique Armour Boutique.
  3072 | D:4      | Bought a shiny chain mail for 180 gold pieces
  3072 | D:4      | Bought a runed helmet for 180 gold pieces
  3489 | D:4      | Killed Menkaure
  3490 | D:4      | Reached skill level 5 in Armour
  3490 | D:4      | Reached XP level 7. HP: 44/44 MP: 7/7
  3546 | D:4      | Killed Vontreibholz's ghost
  3547 | D:4      | Reached skill level 5 in Axes
  3627 | D:4      | Identified the ring of the Voivode {Fire Contam *Corrode
                  | +Blink Str+5}
  3681 | D:5      | Entered Level 5 of the Dungeon
  3743 | D:5      | Found a sand-covered staircase.
  3750 | Ossuary  | Entered an ossuary
  3757 | Ossuary  | Reached *** piety under Trog
  4219 | D:5      | Reached XP level 8. HP: 48/48 MP: 8/8
  4561 | D:5      | Reached skill level 5 in Fighting
  4594 | D:5      | Engulfed by a cloud of steam

Illustrated notes

Levels and vault maps discovered:
D:1:      dpeg_arrival_three_bigger_balls, layout_basic, minivault_26
D:2:      layout_basic, uniq_jessica
D:3:      layout_basic, nemelex_diamond_rough_becter, uniq_terence
D:4:      due_chaos_kobolds, layout_gridville, mainiacjoe_overflow_paths,
          serial_shops, shop, gammafunk_ghost_icy, minmay_gold_behind_fungi,
          nrook_loot_triangle, uniq_menkaure, uniq_robin
D:5:      layout_gridville, mainiacjoe_ossuary_entry_find_the_door

Skill      XL: |  1  2  3  4  5  6  7  8 |
---------------+-------------------------+-----
Axes           | 3 4 5 6 |  6.0
Fighting       | 4 5 |  5.0
Dodging        | 2 3 |  3.3
Armour         | 4 5 6 |  6.5
Stealth        | |  0.1

Action                     |  1- 3 |  4- 6 |  7- 9 || total
---------------------------+-------+-------+-------++-------
  Melee: Hand axe          |    82 |   197 |   154 ||   433
         Punch             |       |     1 |     3 ||     4
 Invoke: Berserk           |     2 |     4 |     3 ||     9
         Trog's Hand       |       |     1 |     2 ||     3
    Use: Scroll            |     1 |     8 |       ||     9
 Armour: Animal skin       |    29 |       |       ||    29
         Ring mail         |    23 |    47 |       ||    70
         Chain mail        |       |    77 |   139 ||   216
  Dodge: Dodged            |    63 |   121 |   156 ||   340

Table legend: (Time is in decaauts)
 A = Elapsed time spent in this place.
 B = Non-inter-level travel time spent in this place.
 C = Inter-level travel time spent in this place.
 D = Time resting spent in this place.
 E = Time spent auto-exploring this place.
 F = Levels seen in this place.
 G = Mean time per level.
                   A        B        C        D        E       F      G
               +--------+--------+--------+--------+--------+-----+--------+
         Total |   4712 |   4549 |    163 |    265 |   3062 |   6 |  785.3 |
       Dungeon |   4237 |   4074 |    163 |    137 |   2826 |   5 |  847.4 |
       Ossuary |    474 |    474 |      0 |    128 |    236 |   1 |  474.0 |
               +--------+--------+--------+--------+--------+-----+--------+

Top non-repeatable levels by time:
     D:4: 1338 daAuts
     D:1: 991 daAuts
     D:3: 755 daAuts
     D:2: 687 daAuts
 Ossuary: 474 daAuts
     D:5: 464 daAuts
